 Dungeon Crawl Stone Soup version 0.27-a0-562-g0d39f094a4 (webtiles) character file.

Game seed: 6724935751086111603

2615 porpoise the Basher (level 9, -3/118 HPs)
             Began as a Minotaur Delver on Mar 9, 2021.
             Was a Priest of the Shining One.
             Slain by an orc knight
             ... wielding a +0 war axe
              (16 damage)
             ... in a bailey.
             The game lasted 00:28:56 (8190 turns).

porpoise the Basher (Minotaur Delver)               Turns: 8190, Time: 00:28:57

Health: -3/118     AC: 14    Str: 19    XL:     9   Next: 34%
Magic:  10/10      EV:  9    Int:  7    God:    the Shining One [***...]
Gold:   420        SH:  0    Dex: 13    Spells: 8/8 levels left

rFire    . . .     SeeInvis .   a - +2 quarterstaff (spect)
rCold    . . .     Faith    .   (shield currently unavailable)
rNeg     + + .     Spirit   .   J - +0 chain mail {rN+}
rPois    .         Reflect  .   (helmet restricted)
rElec    .         Harm     .   q - +0 cloak
rCorr    +         Rampage  .   s - +0 pair of gloves
Will     .....                  H - +0 pair of boots
Stlth    ..........             (no amulet)
HPRegen  0.29/turn              F - ring of resist corrosion
MPRegen  0.12/turn              (no ring)

@: berserking, glowing, very quick
A: horns 2, retaliatory headbutt
a: Renounce Religion, Divine Shield


You were in a bailey.
You worshipped the Shining One.
The Shining One was most pleased with you.
You visited 1 branch of the dungeon, and saw 8 of its levels.
You also visited: Bailey.

You collected 420 gold pieces.

Inventory:

Hand Weapons
 a - a +2 spectral quarterstaff (weapon)
 b - a +1 hunting sling
 D - a +2 flail of venom
 G - a +2 dire flail of holy wrath
Missiles
 l - 21 bolts
 m - 34 poisoned darts
 n - 2 boomerangs (quivered)
 o - 129 stones
 B - 3 datura-tipped darts
 E - 86 sling bullets
Armour
 p - the +2 ratskin cloak {*Rats rPois rN+ Str-1 Int-1 Dex+1}
   (You found it on level 5 of the Dungeon)

   It affects your strength (-1).
   It affects your intelligence (-1).
   It affects your dexterity (+1).
   It protects you from poison.
   It protects you from negative energy.
   The Shining One disapproves of the use of such an item.
 q - a +0 cloak (worn)
 s - a +0 pair of gloves (worn)
 H - a +0 pair of boots (worn)
 J - a +0 chain mail of positive energy (worn)
Jewellery
 C - a ring of magical power
 F - a ring of resist corrosion (left hand)
Wands
 g - a wand of digging (3)
 i - a wand of acid (14)
Scrolls
 c - 3 scrolls of fog
 d - a scroll of magic mapping
 e - a scroll of fear
 j - 2 scrolls of blinking {unknown}
 k - a scroll of enchant armour {unknown}
 r - 3 scrolls of immolation
 u - 7 scrolls of identify
 w - 2 scrolls of enchant weapon
 x - a scroll of teleportation
 y - a scroll of noise {unknown}
Potions
 f - 4 potions of haste
 h - a potion of mutation
 t - a potion of flight
 v - a potion of curing
 A - 3 potions of lignification
 I - a potion of ambrosia


   Skills:
 - Level 7.0 Fighting
 + Level 10.3 Maces & Flails
 - Level 7.0 Armour
 + Level 4.0 Dodging
 - Level 4.1 Stealth
 - Level 3.0 Invocations
 + Level 2.7 Evocations


You had 8 spell levels left.
You didn't know any spells.
Your spell library contained the following spells:

 Spells                   Type           Power      Damage    Failure   Level
 Magic Dart               Conj           0%         1d3       99%         1
 Searing Ray              Conj           0%         3d3       100%        2
 Dazzling Flash           Conj/Hex       0%         N/A       100%        3
 Fulminant Prism          Conj/Hex       0%         3d6       100%        4
 Iskenderun's Mystic Bla  Conj/Tloc      0%         2d3       100%        4


Dungeon Overview and Level Annotations

Branches:
Dungeon (8/15)             Temple (0/1) D:5          Bailey (1/1)
   Lair: D:8-11

Altars:
Ashenzari
Ru
Trog
The Shining One

Annotations:
D:3 exclusion: downstairs
D:4 exclusion: downstairs


Innate Abilities, Weirdness & Mutations

You have a pair of horns on your head.
You reflexively headbutt those who attack you in melee.


Message History

The orc knight barely misses you.
The orc knight hits your spectral weapon with a +0 war axe.
Your spectral weapon shares its damage with you!
You barely miss the orc knight.
The orc knight is lightly wounded.
Your spectral weapon hits the orc knight!
Your chain mail prevents you from hitting the orc knight.
The orc knight is moderately wounded.
Your spectral weapon hits the orc knight.
The orc knight hits you with a +0 war axe.
The orc knight completely misses your spectral weapon.
You hit the orc knight but do no damage.
The orc knight is moderately wounded.
Your spectral weapon hits the orc knight but does no damage.
The orc knight hits your spectral weapon but does no damage.
The orc knight hits you with a +0 war axe.
You hit the orc knight but do no damage.
The orc knight is moderately wounded.
Your spectral weapon hits the orc knight but does no damage.
Your spectral weapon fades away.
Throw: 2 boomerangs
Press: ? - help, Q - select action, (/) - cycle Shift-Dir - straight line, f/p - hobgoblin
Aim: a hobgoblin, wielding a +0 hand axe and wearing a +0 leather armour (lightly wounded, haloed, 78% to hit)
You throw a boomerang.
The boomerang barely misses the hobgoblin.
The orc knight hits you with a +0 war axe!
You hit the orc knight. Your headbutt misses the orc knight.
The orc knight is moderately wounded.
Your spectral weapon hits the orc knight!
The orc warrior hits you with a +0 war axe!
The orc knight barely misses you.
The orc knight hits your spectral weapon with a +0 war axe!
Your spectral weapon shares its damage with you!
* * * LOW HITPOINT WARNING * * *
A red film seems to cover your vision as you go berserk!
You feel yourself moving faster!
You feel mighty!
The orc warrior hits you with a +0 war axe!
* * * LOW HITPOINT WARNING * * *
The orc knight hits you with a +0 war axe!
You die...

....... .......
....... ..... ....
#.( ###o### ##..o@.##
#...8§..# #∩.....∩#
##.....## ####'')####
##≈.......≈##
#####≈≈.......≈≈#####
#^'.'≈≈.......≈≈'.'^#
#.###≈≈.......≈≈###.#


You could see an orc knight and an orc warrior.

Vanquished Creatures
  Sigmund (D:2)
  Edmund (D:6)
  Duvessa (D:6)
  4 orc warriors
  An ice beast (D:7)
  An ogre (D:5)
  2 centaurs (D:6)
  A phantom (D:5)
  A bullfrog (D:6)
  Dowan (D:6)
  A scorpion (D:5)
  4 wights (D:6)
  A howler monkey (D:5)
  2 hounds
  7 orc priests
  A bullfrog skeleton (D:6)
  A centaur skeleton (D:5)
  3 hell rats (D:5)
  An iguana (D:4)
  6 orc wizards
  3 worker ants
  A hound skeleton (D:5)
  A worker ant zombie (D:6)
  10 adders
  4 gnolls
  4 river rats (D:5)
  2 shadow imps
  An adder skeleton (D:4)
  5 worms
  10 dart slugs
  9 leopard geckos
  20 orcs
  16 giant cockroaches
  4 goblins
  12 hobgoblins
  19 jackals
  19 kobolds
  5 quokkas
  2 ball pythons
  7 bats
  4 frilled lizards
  21 rats
220 creatures vanquished.

Notes
Turn   | Place    | Note
-------+----------+-------------------------------------------
     0 | D:5      | porpoise the Minotaur Delver began the quest for the Orb.
     0 | D:5      | Reached XP level 1. HP: 19/19 MP: 0/0
    33 | D:5      | Reached skill level 3 in Maces & Flails
    33 | D:5      | Reached XP level 2. HP: 28/28 MP: 1/1
    55 | D:5      | Noticed a howler monkey
    60 | D:5      | Killed a howler monkey
    61 | D:5      | Reached skill level 4 in Maces & Flails
    61 | D:5      | Reached XP level 3. HP: 22/35 MP: 2/2
   234 | D:5      | Found a bloodstained altar of Trog.
   273 | D:4      | Reached XP level 4. HP: 25/41 MP: 3/3
   275 | D:4      | Reached skill level 5 in Fighting
  1298 | D:2      | Reached XP level 5. HP: 44/48 MP: 4/4
  1396 | D:2      | Found a faded altar of an unknown god.
  1540 | D:1      | Found a glowing golden altar of the Shining One.
  1617 | D:1      | Became a worshipper of the Shining One
  1844 | D:1      | Reached skill level 5 in Maces & Flails
  2448 | D:2      | Noticed Sigmund
  2460 | D:2      | Killed Sigmund
  2461 | D:2      | Reached skill level 6 in Maces & Flails
  2461 | D:2      | Reached XP level 6. HP: 34/58 MP: 5/5
  3434 | D:3      | Reached * piety under the Shining One
  4556 | D:5      | Reached skill level 1 in Armour
  4588 | D:5      | Found a staircase to the Ecumenical Temple.
  4688 | D:5      | Reached skill level 1 in Invocations
  4688 | D:5      | Reached XP level 7. HP: 59/66 MP: 6/6
  4905 | D:5      | Reached skill level 7 in Maces & Flails
  4972 | D:5      | Found a sacrificial altar of Ru.
  5050 | D:5      | Found the +2 ratskin cloak {*Rats rPois rN+ Str-1 Int-1
                  | Dex+1}
  5058 | D:5      | Reached ** piety under the Shining One
  5569 | D:6      | Noticed Duvessa
  5571 | D:6      | Noticed Dowan
  5586 | D:5      | Reached XP level 8. HP: 52/73 MP: 9/9
  5740 | D:6      | Killed Duvessa
  5748 | D:6      | Killed Dowan
  5749 | D:6      | Reached skill level 8 in Maces & Flails
  5903 | D:6      | Reached skill level 5 in Armour
  6120 | D:6      | Found a broken altar of Ashenzari.
  6173 | D:6      | Noticed Edmund
  6186 | D:6      | Killed Edmund
  6187 | D:6      | Reached skill level 9 in Maces & Flails
  6869 | D:6      | Reached skill level 1 in Evocations
  6873 | D:6      | Reached XP level 9. HP: 68/79 MP: 10/10
  7349 | D:7      | Reached *** piety under the Shining One
  7351 | D:7      | Reached skill level 10 in Maces & Flails
  8036 | D:8      | Found a flagged portal.
  8046 | Bailey   | Entered a bailey
  8173 | Bailey   | Noticed an orc knight
  8190 | Bailey   | Slain by an orc knight

Illustrated notes

Levels and vault maps discovered:
D:1:      minmay_arrival_plants_in_alcoves, layout_rooms, tso_metal_star
D:2:      minmay_roachtagon, layout_basic, chequers_ecumenical_altar_twisty,
          uniq_sigmund
D:3:      layout_loops_ring
D:4:      kennysheep_slugbush, layout_loops_ring, lemuel_round_altar,
          abandoned_shop, dk_rats_in_the_wall, uniq_grinder
D:5:      wander_guarded_unrand_ratskin, layout_loops_cross,
          kennysheep_little_box, bloody_trog, minmay_temple_entry_offerings
D:6:      layout_layer_cave, ashenzari_conservatory_becter, grunt_ministairs_3,
          nicolae_zen_rock_garden, minmay_starry_boxes, uniq_edmund,
          uniq_duvessa
D:7:      layout_loops_ring, corexii_corridor_pit, ebering_dispersal_statue_hall
D:8:      layout_layer_cave, enter_bailey_1
Bailey:   bailey_axe_3, bailey

Skill      XL: |  1  2  3  4  5  6  7  8  9 |
---------------+----------------------------+-----
Fighting       | 4 5 6 7 |  7.0
Maces & Flails | 3 4 6 7 9 10 | 10.3
Armour         | 1 4 7 |  7.0
Invocations    | 1 3 |  3.0
Evocations     | 1 2 |  2.7
Dodging        | 4 |  4.0
Stealth        | |  4.1

Action                   |  1- 3 |  4- 6 |  7- 9 || total
-------------------------+-------+-------+-------++-------
Melee: Mace              |    15 |    24 |       ||    39
       Headbutt          |     2 |    23 |    23 ||    48
       Flail             |       |   142 |    82 ||   224
       Quarterstaff      |       |       |    92 ||    92
       Hunting sling     |       |       |     1 ||     1
 Fire: Hunting sling     |       |   128 |    83 ||   211
Throw: Boomerang         |       |     2 |     8 ||    10
  Use: Scroll            |       |     6 |     8 ||    14
       Potion            |       |       |     2 ||     2
 Stab: Sleeping          |       |     1 |       ||     1
Armor: Leather armour    |     2 |     1 |       ||     3
       Ring mail         |       |    71 |    35 ||   106
       Chain mail        |       |       |    42 ||    42
Dodge: Dodged            |     8 |    89 |    98 ||   195

Table legend: (Time is in decaauts)
 A = Elapsed time spent in this place.
 B = Non-inter-level travel time spent in this place.
 C = Inter-level travel time spent in this place.
 D = Time resting spent in this place.
 E = Time spent auto-exploring this place.
 F = Levels seen in this place.
 G = Mean time per level.
                   A        B        C        D        E       F      G
               +--------+--------+--------+--------+--------+-----+--------+
         Total |   8241 |   7912 |    329 |   1710 |   3843 |   9 |  915.7 |
       Dungeon |   8096 |   7767 |    329 |   1710 |   3843 |   8 | 1012.0 |
        Bailey |    144 |    144 |      0 |      0 |      0 |   1 |  144.0 |
               +--------+--------+--------+--------+--------+-----+--------+

Top non-repeatable levels by time:
     D:6: 1613 daAuts
     D:4: 1443 daAuts
     D:5: 1414 daAuts
     D:2: 1407 daAuts
     D:3: 951 daAuts
     D:7: 683 daAuts
     D:1: 569 daAuts
  Bailey: 144 daAuts
     D:8: 14 daAuts
